 Seeded DCSS version 0.30.1-4-g462c640d31 (webtiles) character file.

Game seed: 5 (custom seed)

2321 Kazon the Grave Robber (level 9, -2/53 (66) HPs)
             Began as a Demonspawn Necromancer on Sept 7, 2023.
             Was an Initiate of Yredelemnul.
             Slain by a centaur (3 damage)
             ... on level 7 of the Dungeon on Sept 11, 2023.
             The game lasted 00:48:35 (5068 turns).

Kazon the Grave Robber (Demonspawn Necromancer)     Turns: 5068, Time: 00:48:35

HP:   -2/53 (66)    AC:  8    Str: 13    XL:     9   Next: 19%
MP:   0/25          EV: 13    Int: 20    God:    Yredelemnul [......]
Gold: 281           SH:  0    Dex: 13    Spells: 4/17 levels left

rFire   + . .        f - +0 hand axe (flame)
rCold   . . .        (no shield)
rNeg    . . .        r - +0 leather armour
rPois   .            (helmet unavailable)
rElec   .            (no cloak)
rCorr   .            (no gloves)
SInv    +            (no boots)
Will    .....        A - amulet of guardian spirit
Stlth   ++           d - ring "Fiboveso" {rF+ AC+4 Str+3}
HPRegen 0.28/turn    q - ring of magical power
MPRegen 0.19/turn

%: guardian spirit
@: heavily drained
A: antennae 3, rugged brown scales 1, powered by death 2
a: Renounce Religion, Recall Undead Harvest


You were on level 7 of the Dungeon.
You worshipped Yredelemnul.
Yredelemnul was noncommittal.
You visited 2 branches of the dungeon, and saw 8 of its levels.
You also visited: Ossuary.

You collected 281 gold pieces.

Inventory:

Hand Weapons
 e - a +2 vampiric dagger
 f - a +0 hand axe of flaming (weapon)
Missiles
 h - 2 boomerangs
 E - 5 poisoned darts
Armour
 r - a +0 leather armour (worn)
Jewellery
 d - the ring "Fiboveso" (left hand) {rF+ AC+4 Str+3}
   (You acquired it on level 1 of the Dungeon)

   [ring of protection]

   AC:        It affects your AC (+4).
   Str:       It affects your strength (+3).
   rF:        It protects you from fire.
 q - a ring of magical power (right hand)
 v - a +6 ring of dexterity
 A - an amulet of guardian spirit (around neck)
Wands
 x - a wand of paralysis (7)
Scrolls
 j - a scroll of fog {unknown}
 k - a scroll of blinking {unknown}
 n - 4 scrolls of identify {unknown}
 o - 2 scrolls of magic mapping {unknown}
 s - 2 scrolls of summoning {unknown}
 w - a scroll of torment {unknown}
 y - a scroll of amnesia {unknown}
 C - a scroll of poison {unknown}
 D - a scroll of enchant armour {unknown}
 F - 2 scrolls of fear {unknown}
 G - a scroll of enchant weapon {unknown}
Potions
 a - a potion of haste {unknown}
 b - 3 potions of magic
 c - 2 potions of brilliance {unknown}
 g - 4 potions of curing
 i - a potion of berserk rage
 m - 5 potions of flight {unknown}
 p - a potion of resistance {unknown}
 t - 2 potions of invisibility {unknown}
 u - 4 potions of heal wounds {unknown}
 z - a potion of lignification {unknown}
 B - 4 potions of attraction {unknown}


   Skills:
 + Level 3.7 Fighting
 + Level 3.5 Short Blades
 + Level 1.8 Axes
 + Level 3.0 Throwing
 + Level 1.3 Armour
 * Level 4.3 Dodging
 + Level 2.8 Stealth
 + Level 4.9 Spellcasting
 + Level 6.7 Necromancy
 * Level 4.5 Invocations
 * Level 2.8 Evocations


You had 4 spell levels left.
You knew the following spells:

 Your Spells              Type           Power      Damage    Failure   Level
a - Necrotise             Necr           100%       1d9       1%          1
b - Vampiric Draining     Necr           31%        2d8       2%          3
c - Animate Dead          Necr           31%        N/A       10%         4
d - Agony                 Necr           31%        N/A       26%         5

Your spell library contained the following spells:

 Spells                   Type           Power      Damage    Failure   Level
 Frozen Ramparts          Ice            8%         1d2       41%         3
 Ignite Poison            Fire/Tmut/Pois 4%         N/A       41%         3
 Ice Form                 Ice/Tmut       4%         N/A       83%         4
 Sticky Flame             Conj/Fire      4%         2d3       83%         4
 Summon Ice Beast         Ice/Summ       4%         N/A       83%         4
 Summon Forest            Summ/Tloc      2%         N/A       99%         5
 Eringya's Noxious Bog    Tmut/Pois      2%         N/A       100%        6
 Summon Hydra             Summ           2%         N/A       100%        7
 Ignition                 Fire           2%         3d3       100%        8


Dungeon Overview and Level Annotations

Branches:
Dungeon (7/15)             Temple (1/1) D:4         Ossuary (visited)

Altars:
Dithmenos
Fedhas
Hepliaklqana
Qazlal
Trog
Xom
Yredelemnul


Innate Abilities, Weirdness & Mutations

You have a pair of large antennae on your head. (SInv)
You are partially covered in rugged brown scales. (AC +1, +3% HP)
You regenerate health from kills.


Message History

The wight is severely damaged.
The wight closely misses you.
You hit the wight but do no damage.
The wight is severely damaged.
The wight closely misses you. x2
You barely miss the wight.
The wight is severely damaged.
The wight closely misses you.
As you read the scroll of teleportation, it crumbles to dust.
You feel strangely unstable. The wight hits you with a +0 mace.
* * * LOW HITPOINT WARNING * * *
The wight attacks as you move away! The wight hits you but does no damage.
Your surroundings suddenly seem different.
A centaur comes into view.
The centaur shouts!
The centaur wields a +0 shortbow.
The centaur shoots an arrow.
The arrow closely misses you.
The centaur shoots an arrow.
The arrow hits you.
* * * LOW HITPOINT WARNING * * *
The centaur shoots an arrow.
The arrow hits you but does no damage.
The centaur shoots an arrow.
The arrow hits you!
* * * LOW HITPOINT WARNING * * *
Aiming: Necrotise (safe; 1% risk of failure)
Press: ? - help, Q - select action, (/) - cycle Shift-Dir - straight line, f - centaur
Aim: a centaur, wielding a +0 shortbow and wearing a +0 robe (chance to affect: 83%)
The centaur barely resists.
The centaur shoots an arrow.
The arrow barely misses you.
The centaur shoots an arrow.
The arrow barely misses you.
You don't have enough magic to cast this spell.
You don't have enough magic to cast this spell.
Unknown command.
The centaur shoots an arrow.
The arrow closely misses you.
The centaur shoots an arrow.
The arrow barely misses you.
The centaur shoots an arrow.
The arrow hits you but does no damage.
The centaur shoots an arrow.
The arrow closely misses you.
The centaur unwields a +0 shortbow.
The centaur hits you.
* * * LOW HITPOINT WARNING * * *
The centaur kicks you.
You die...
Your body rises from the dead as a mindless zombie.

#.###.### #.......#
##..#.#.# #....#.# ##
#### #....#.# #. ..#
##...#.# #. #.# ###.#.#
###.
#.######.######.#.###...
#.....c@........####....
#######.######### #.....
#.# ######.... #.#
#..####...
#.#######....##.##
#.................
#########.....###.
#......... #########.


You could see a centaur.

Vanquished Creatures
  Sigmund (D:4)
  Duvessa (D:6)
  A water moccasin (D:6)
  2 black bears (D:4)
  A centaur (D:6)
  An ogre (D:5)
  An elf zombie (Ossuary)
  A kobold brigand (D:7)
  2 scorpions
  2 wights (D:7)
  Dowan (D:6)
  A killer bee (D:7)
  A centaur zombie (Ossuary)
  5 hounds
  3 human zombies (Ossuary)
  3 orc priests (D:6)
  6 iguanas
  3 orc wizards (D:6)
  4 ogre zombies (Ossuary)
  7 mummies (Ossuary)
  3 gnolls (D:5)
  8 adders
  A white imp (D:7)
  An ufetubus (D:6)
  A worm zombie (D:7)
  2 adder zombies (Ossuary)
  3 worms
  12 orcs
  10 bats
  9 endoplasms
  A giant cockroach (D:1)
  10 goblins
  7 hobgoblins
  10 jackals
  10 kobolds
  3 quokkas (D:4)
  4 ball pythons
  3 frilled lizards
  4 goblin zombies (Ossuary)
  6 hobgoblin zombies
  3 kobold zombies
  4 quokka zombies (Ossuary)
  2 rats
  4 rat zombies (Ossuary)
168 creatures vanquished.

Vanquished Creatures (collateral kills)
  A howler monkey (D:6)
  A vampire bat (D:7)
  A jelly (D:5)
  An orc wizard (D:6)
  A gnoll (D:5)
  An adder (D:2)
  An ufetubus (D:4)
  2 orcs (D:6)
  A ball python (D:2)
  2 bats (D:7)
  A jackal (D:1)
  2 goblins (D:2)
  2 rats (D:2)
17 creatures vanquished.

Vanquished Creatures (others)
  A killer bee zombie (D:7)
  A hound zombie (D:7)
  A jelly zombie (D:5)
  2 adder zombies
  An iguana zombie (D:5)
  A gnoll zombie (D:5)
  4 kobold zombies (D:7)
  7 orc zombies
  A quokka zombie (D:4)
  A spectral ufetubus (D:6)
20 creatures vanquished.

Grand Total: 205 creatures vanquished

Notes
Turn   | Place    | Note
-------+----------+-------------------------------------------
     0 | D:1      | Kazon the Demonspawn Necromancer began the quest for the
                  | Orb.
     0 | D:1      | Reached XP level 1. HP: 13/13 MP: 3/3
   109 | D:1      | Gained mutation: You have a pair of small antennae on your
                  | head. [demonic ancestry]
   109 | D:1      | Reached XP level 2. HP: 16/19 MP: 0/5
   130 | D:1      | Identified a scroll of acquirement
   130 | D:1      | Acquired the ring "Fiboveso" {rF+ AC+4 Str+3}
   775 | D:1      | Reached skill level 5 in Necromancy
   775 | D:1      | Gained mutation: You are partially covered in rugged brown
                  | scales. (AC +1, +3% HP) [demonic ancestry]
   775 | D:1      | Reached XP level 3. HP: 19/24 MP: 1/6
   840 | D:1      | Learned a level 3 spell: Vampiric Draining
  1096 | D:2      | Reached XP level 4. HP: 29/31 MP: 2/7
  1509 | D:2      | Reached skill level 1 in Fighting
  1707 | D:3      | Found a blossoming altar of Fedhas.
  1727 | D:3      | Reached skill level 1 in Short Blades
  1894 | D:3      | Found a stormy altar of Qazlal.
  1975 | D:3      | Learned a level 4 spell: Animate Dead
  2020 | D:3      | Identified the +2 sling "Qeuhanocyt" {speed, rElec Str-3
                  | Dex+2}
  2037 | D:3      | Found a faded altar of an unknown god.
  2123 | D:4      | Found a staircase to the Ecumenical Temple.
  2147 | D:4      | Noticed a scorpion
  2155 | D:4      | Killed a scorpion
  2156 | D:4      | Gained mutation: You regenerate a little health from kills.
                  | [demonic ancestry]
  2156 | D:4      | Reached XP level 5. HP: 38/38 MP: 9/9
  2180 | Temple   | Entered the Ecumenical Temple
  2198 | Temple   | Became a worshipper of Yredelemnul the Dark
  2244 | D:4      | Noticed a black bear
  2256 | D:4      | Killed a black bear
  2256 | D:4      | Reached * piety under Yredelemnul
  2257 | D:4      | Reached skill level 1 in Throwing
  2257 | D:4      | Reached skill level 1 in Invocations
  2257 | D:4      | Gained mutation: You have a pair of antennae on your head.
                  | [demonic ancestry]
  2257 | D:4      | Reached XP level 6. HP: 45/45 MP: 1/11
  2260 | D:4      | Found a hazy altar of Hepliaklqana.
  2261 | D:4      | Found a shadowy altar of Dithmenos.
  2261 | D:4      | Noticed a shadow
  2281 | D:4      | Noticed Sigmund
  2288 | D:4      | Killed Sigmund
  2521 | D:4      | Reached skill level 6 in Necromancy
  2521 | D:4      | Gained mutation: You have a pair of large antennae on your
                  | head. (SInv) [demonic ancestry]
  2521 | D:4      | Reached XP level 7. HP: 39/51 MP: 12/12
  2923 | D:5      | Entered Level 5 of the Dungeon
  3362 | D:5      | Learned a level 5 spell: Agony
  3435 | D:6      | Noticed Dowan
  3440 | D:6      | Noticed Duvessa
  3596 | D:6      | Found a shimmering altar of Xom.
  3631 | D:6      | Gained mutation: You regenerate health from kills. [demonic
                  | ancestry]
  3631 | D:6      | Reached XP level 8. HP: 51/58 MP: 14/14
  3728 | D:6      | Killed Dowan
  3729 | D:6      | Reached skill level 1 in Evocations
  3738 | D:6      | Killed Duvessa
  4222 | D:7      | Found a sand-covered staircase.
  4258 | Ossuary  | Entered an ossuary
  4452 | Ossuary  | Reached skill level 1 in Axes
  4660 | Ossuary  | Reached XP level 9. HP: 66/66 MP: 16/16
  5024 | D:7      | Reached skill level 1 in Armour
  5063 | D:7      | HP: 2/53 [centaur/arrow (8)]
  5068 | D:7      | HP: 1/53 [centaur (3)]
  5068 | D:7      | Slain by a centaur

Illustrated notes

Levels and vault maps discovered:
D:1:      ebering_trefoil_3fold, layout_basic, st_stairs_14, serial_bayou_ford_a
D:2:      layout_basic, hangedman_decor_growths, minmay_close_crescents
D:3:      layout_rooms, mainiacjoe_overflow_concentric_impassable,
          mainiacjoe_overflow_paths, shapermc_ecumenical_altar_acropolis,
          chequers_serial_rivers_micro_b
D:4:      layout_basic, riverfiend_overflow_shadow_ancestor,
          minmay_temple_entry_glass, uniq_sigmund
D:5:      layout_gridville
D:6:      layout_basic, xom_teletrap_fun, uniq_duvessa
D:7:      layout_loops_ring, enter_ossuary_3, roderic_batcave
Temple:   nicolae_temple_elliptical

Skill      XL: |  1  2  3  4  5  6  7  8  9 |
---------------+----------------------------+-----
Dodging        | 2 3 4 |  4.3
Necromancy     | 5 6 |  6.7
Fighting       | 1 2 3 |  3.7
Short Blades   | 1 2 3 |  3.5
Spellcasting   | 3 4 |  4.9
Throwing       | 1 2 3 |  3.0
Invocations    | 1 2 3 4 |  4.5
Stealth        | 2 |  2.8
Evocations     | 2 |  2.8
Axes           | 1 |  1.8
Armour         | 1 |  1.3

Action                     |  1- 3 |  4- 6 |  7- 9 || total
---------------------------+-------+-------+-------++-------
  Melee: Dagger            |    22 |    27 |   251 ||   300
         Short sword       |    92 |    39 |       ||   131
         Punch             |     1 |       |     9 ||    10
         Hand axe          |       |       |   237 ||   237
  Throw: Boomerang         |     3 |       |    14 ||    17
         Stone             |       |     3 |    44 ||    47
         Dart              |       |     1 |     5 ||     6
   Cast: Necrotise         |    42 |    53 |    50 ||   145
         Vampiric Draining |     2 |     7 |    18 ||    27
 Invoke: Recall Undead Har |       |       |     1 ||     1
  Evoke: Wand              |       |       |     1 ||     1
    Use: Scroll            |     2 |       |     2 ||     4
         Potion            |       |       |     1 ||     1
   Stab: Sleeping          |     1 |     1 |    11 ||    13
         Distracted        |       |       |     3 ||     3
         Paralysed         |       |       |     4 ||     4
 Armour: Robe              |    41 |    34 |    40 ||   115
         Leather armour    |       |       |   104 ||   104
         Skin              |       |       |     1 ||     1
  Dodge: Dodged            |    68 |    49 |   283 ||   400
